 Dungeon Crawl Stone Soup version 0.28.0 (webtiles) character file.

Game seed: 11138783847551933542

989492 SnakkuSnakku7 the Bringer of Light (level 27, -19/288 HPs)
             Began as a Hill Orc Fighter on Feb 16, 2022.
             Was the Champion of the Shining One.
             Killed from afar by an elemental wellspring (31 damage)
             ... with a torrent of water
             ... on level 6 of Cocytus.
             The game lasted 02:15:02 (63479 turns).

SnakkuSnakku7 the Bringer of Light (HOFi)          Turns: 63479, Time: 02:15:03

Health: -19/288    AC: 58    Str: 30    XL:     27
Magic:  9/40       EV: 23    Int: 21    God:    the Shining One [******]
Gold:   6350       SH: 30    Dex: 28    Spells: 23/26 levels left

rFire   + . .      SeeInvis .   b - +9 broad axe (holy)
rCold   + + +      Faith    .   R - +1 tower shield {AC+3}
rNeg    + + +      Spirit   .   Y - +12 gold dragon scales
rPois   +          Reflect  .   V - +2 helmet {Int+3}
rElec   .          Harm     .   i - +1 cloak of Starlight {*Dazzle EV+4 Stlth--}
rCorr   .          Rampage  .   K - +2 pair of gloves of Nice Joy {Str-5 Dex+7}
Will    +++++      Rnd*Tele +   c - +3 pair of boots "Puorywun" {rC+ Int+4 Dex+6}
Stlth   ..........              l - amulet of Vitality {Regen+ HP+15}
HPRegen 1.38/turn               J - ring "Diciwoiz" {rC+ Will+ Str+4 Int+6}
MPRegen 0.27/turn               G - ring "Ziss" {rPois rC+ Dex+3 Slay+4}

@: glowing, frozen potions
A: strong-willed 2, teleportitis 1, wild magic 1
}: 12/15 runes: serpentine, barnacled, slimy, silver, golden, obsidian, abyssal,
demonic, glowing, magical, fiery, dark
a: Renounce Religion, Divine Shield, Cleansing Flame, Summon Divine Warrior


You were on level 6 of Cocytus.
You worshipped the Shining One.
The Shining One was exalted by your worship.
You visited 15 branches of the dungeon, and saw 69 of its levels.
You visited Pandemonium 2 times, and saw 14 of its levels.
You visited the Abyss 3 times.
You also visited: Trove and Ossuary.

You collected 13272 gold pieces.
You spent 6922 gold pieces at shops.

Inventory:

Hand Weapons
 a - a +9 broad axe of freezing
 b - a +9 broad axe of holy wrath (weapon)
Missiles
 M - 6 throwing nets (quivered)
Armour
 c - the +3 pair of boots "Puorywun" (worn) {rC+ Int+4 Dex+6}
   (You bought it in a shop on level 2 of the Dungeon)

   Int:       It affects your intelligence (+4).
   Dex:       It affects your dexterity (+6).
   rC:        It protects you from cold.
 i - the +1 cloak of Starlight (worn) {*Dazzle EV+4 Stlth--}
   (You found it on level 8 of the Dungeon)

   It may blind those who miss an attack against the wearer in melee combat.
   EV:        It affects your evasion (+4).
   Stlth:     It makes you much less stealthy.
 K - the +2 pair of gloves of Nice Joy (worn) {Str-5 Dex+7}
   (You bought it in a shop on level 2 of the Dungeon)

   Str:       It affects your strength (-5).
   Dex:       It affects your dexterity (+7).
 R - a +1 tower shield of protection (worn)
 V - a +2 helmet of intelligence (worn)
 Y - +12 gold dragon scales (worn)
Jewellery
 l - the amulet of Vitality (around neck) {Regen+ HP+15}
   (You found it on level 2 of the Depths)

   [amulet of regeneration]

   HP:        It affects your health (+15).
   Regen:     It increases your rate of health regeneration.
 n - a +4 ring of slaying
 t - the ring "Jatz" {rElec Will+++ rCorr Int-5 Dex-3}
   (You took it off a deep elf high priest on level 3 of the Elven Halls)

   [ring of resist corrosion]

   Int:       It affects your intelligence (-5).
   Dex:       It affects your dexterity (-3).
   rElec:     It insulates you from electricity.
   rCorr:     It protects you from acid and corrosion.
   Will:      It greatly increases your willpower.
 x - the ring "Qalifahin" {rC+ AC+4 Int+2}
   (You took it off a demonspawn corrupter in Pandemonium)

   [ring of protection]

   AC:        It affects your AC (+4).
   Int:       It affects your intelligence (+2).
   rC:        It protects you from cold.
 E - a ring of protection from fire
 G - the ring "Ziss" (right hand) {rPois rC+ Dex+3 Slay+4}
   (You bought it in a shop on level 4 of the Vaults)

   [ring of slaying]

   Dex:       It affects your dexterity (+3).
   Slay:      It affects your accuracy & damage with ranged weapons and melee
   (+4).
   rC:        It protects you from cold.
   rPois:     It protects you from poison.
 J - the ring "Diciwoiz" (left hand) {rC+ Will+ Str+4 Int+6}
   (You took it off a vault guard on level 5 of the Vaults)

   [ring of intelligence]

   Str:       It affects your strength (+4).
   Int:       It affects your intelligence (+6).
   rC:        It protects you from cold.
   Will:      It increases your willpower.
 U - a ring of resist corrosion
Wands
 e - a wand of acid (44)
 f - a wand of polymorph (4)
 g - a wand of paralysis (16)
 r - a wand of digging (30)
 L - a wand of charming (22)
 Q - a wand of iceblast (38)
 T - a wand of mindburst (33)
 Z - a wand of flame (33)
Scrolls
 h - 11 scrolls of immolation
 j - 8 scrolls of fear
 q - 16 scrolls of vulnerability
 s - 3 scrolls of magic mapping
 u - 6 scrolls of blinking
 w - 44 scrolls of teleportation
 y - 3 scrolls of silence
 F - a scroll of holy word
 O - a scroll of summoning
 X - 8 scrolls of fog
Potions
 d - 4 potions of might
 k - 19 potions of heal wounds
 o - 7 potions of berserk rage
 v - 2 potions of mutation
 z - 8 potions of attraction
 A - a potion of haste
 B - 3 potions of resistance
 C - 13 potions of flight
 D - 24 potions of curing
 H - 5 potions of magic
 S - 7 potions of cancellation
 W - 7 potions of ambrosia
Miscellaneous
 m - a tin of tremorstones (2/2)
 p - a phantom mirror
 P - a phial of floods


   Skills:
 O Level 27 Fighting
 O Level 27 Axes
 - Level 4.0 Throwing
 O Level 27 Armour
 + Level 14.6 Dodging
 O Level 27 Shields
 - Level 0.4 Spellcasting
 - Level 12.0 Translocations
 O Level 27 Invocations
 - Level 15.0 Evocations


You had 23 spell levels left.
You knew the following spells:

 Your Spells              Type           Power      Damage    Failure   Level
a - Apportation           Tloc           100%       N/A       1%          1
b - Blink                 Tloc           100%       N/A       2%          2

Your spell library contained the following spells:

 Spells                   Type           Power      Damage    Failure   Level
 Gell's Gravitas          Tloc           60%        N/A       3%          3
 Lesser Beckoning         Tloc           60%        N/A       3%          3
 Teleport Other           Tloc           60%        N/A       3%          3
 Passage of Golubria      Tloc           60%        N/A       10%         4
 Manifold Assault         Tloc           60%        N/A       26%         5
 Portal Projectile        Hex/Tloc       66%        N/A       30%         3
 Animate Skeleton         Necr           0%         N/A       73%         1
 Beastly Appendage        Tmut           0%         N/A       73%         1
 Foxfire                  Conj/Fire      0%         2x1d4     73%         1
 Freeze                   Ice            0%         1d3       73%         1
 Magic Dart               Conj           0%         1d3       73%         1
 Pain                     Necr           0%         1d4       73%         1
 Sandblast                Erth           0%         2d4       73%         1
 Shock                    Conj/Air       0%         1d3       73%         1
 Slow                     Hex            0%         N/A       73%         1
 Sting                    Tmut/Pois      0%         1d3       73%         1
 Dispersal                Tloc           30%        N/A       77%         6
 Corpse Rot               Necr/Air       0%         N/A       86%         2
 Ensorcelled Hibernation  Hex/Ice        0%         N/A       86%         2
 Passwall                 Tmut/Erth      0%         N/A       86%         2
 Poisonous Vapours        Pois/Air       0%         N/A       86%         2
 Scorch                   Fire           0%         2d5       86%         2
 Searing Ray              Conj           0%         2d4       86%         2
 Static Discharge         Conj/Air       0%         N/A       86%         2
 Wereblood                Tmut           0%         N/A       86%         2
 Confusing Touch          Hex            0%         N/A       97%         3
 Conjure Flame            Conj/Fire      0%         6-21      97%         3
 Dazzling Flash           Conj/Hex       0%         N/A       97%         3
 Frozen Ramparts          Ice            0%         1d2       97%         3
 Ignite Poison            Fire/Tmut/Pois 0%         N/A       97%         3
 Inner Flame              Hex/Fire       0%         N/A       97%         3
 Mephitic Cloud           Conj/Pois/Air  0%         N/A       97%         3
 Ozocubu's Armour         Ice            0%         N/A       97%         3
 Spider Form              Tmut/Pois      0%         N/A       97%         3
 Stone Arrow              Conj/Erth      0%         3d7       97%         3
 Swiftness                Air            0%         N/A       97%         3
 Vampiric Draining        Necr           0%         2d6       97%         3
 Airstrike                Air            0%         N/A       100%        4
 Anguish                  Hex/Necr       0%         N/A       100%        4
 Animate Armour           Summ/Erth      0%         N/A       100%        4
 Animate Dead             Necr           0%         N/A       100%        4
 Cause Fear               Hex            0%         N/A       100%        4
 Flame Wave               Conj/Fire      0%         2d4       100%        4
 Fulminant Prism          Conj/Hex       0%         3d6       100%        4
 Hailstorm                Conj/Ice       0%         3d3       100%        4
 Ice Form                 Ice/Tmut       0%         N/A       100%        4
 Leda's Liquefaction      Hex/Erth       0%         N/A       100%        4
 Olgreb's Toxic Radiance  Pois           0%         N/A       100%        4
 Petrify                  Tmut/Erth      0%         N/A       100%        4
 Sticky Flame             Conj/Fire      0%         2d3       100%        4
 Summon Ice Beast         Ice/Summ       0%         N/A       100%        4
 Summon Lightning Spire   Summ/Air       0%         N/A       100%        4
 Agony                    Necr           0%         N/A       100%        5
 Alistair's Intoxication  Tmut/Pois      0%         N/A       100%        5
 Blade Hands              Tmut           0%         N/A       100%        5
 Borgnjor's Vile Clutch   Necr/Erth      0%         N/A       100%        5
 Excruciating Wounds      Necr           0%         N/A       100%        5
 Fireball                 Conj/Fire      0%         3d3       100%        5
 Freezing Cloud           Conj/Ice/Air   0%         6-21      100%        5
 Irradiate                Conj/Tmut      0%         3d13      100%        5
 Iskenderun's Battlesphe  Conj           0%         2d6       100%        5
 Lee's Rapid Deconstruct  Erth           0%         3d5*      100%        5
 Lightning Bolt           Conj/Air       0%         1d11      100%        5
 Metabolic Englaciation   Hex/Ice        0%         N/A       100%        5
 Silence                  Hex/Air        0%         N/A       100%        5
 Summon Mana Viper        Hex/Summ       0%         N/A       100%        5
 Yara's Violent Unravell  Hex/Tmut       0%         3d3       100%        5
 Conjure Ball Lightning   Conj/Air       0%         3x3d6     100%        6
 Death Channel            Necr           0%         N/A       100%        6
 Eringya's Noxious Bog    Tmut/Pois      0%         N/A       100%        6
 Iron Shot                Conj/Erth      0%         9d1       100%        6
 Simulacrum               Ice/Necr       0%         N/A       100%        6
 Statue Form              Tmut/Erth      0%         N/A       100%        6
 Summon Cactus Giant      Summ           0%         N/A       100%        6
 Dragon Form              Tmut           0%         N/A       100%        7
 Enfeeble                 Hex            0%         N/A       100%        7
 Haunt                    Necr/Summ      0%         N/A       100%        7
 Malign Gateway           Summ/Tloc      16%        N/A       100%        7
 Monstrous Menagerie      Summ           0%         N/A       100%        7
 Orb of Destruction       Conj           0%         9d5       100%        7
 Ozocubu's Refrigeration  Ice            0%         4d5       100%        7
 Storm Form               Tmut/Air       0%         N/A       100%        7
 Discord                  Hex            0%         N/A       100%        8
 Disjunction              Tloc           30%        N/A       100%        8
 Infestation              Necr           0%         N/A       100%        8
 Lehudib's Crystal Spear  Conj/Erth      0%         10d2      100%        8
 Maxwell's Capacitive Co  Air            0%         ∞         100%        8
 Summon Horrible Things   Summ           0%         N/A       100%        8
 Chain Lightning          Conj/Air       0%         N/A       100%        9
 Dragon's Call            Summ           0%         N/A       100%        9
 Fire Storm               Conj/Fire      0%         5d1       100%        9
 Polar Vortex             Ice            0%         N/A       100%        9
 Shatter                  Erth           0%         3d5*      100%        9


Dungeon Overview and Level Annotations

Branches:
Dungeon (15/15)            Temple (1/1) D:6            Lair (6/6) D:11
 Shoals (4/4) Lair:4        Snake (4/4) Lair:2        Slime (5/5) Lair:6
    Orc (2/2) D:10            Elf (3/3) Orc:2        Vaults (5/5) D:14
  Crypt (3/3) Vaults:3       Tomb (3/3) Crypt:3      Depths (4/4) D:15
   Hell (visited)             Dis (0/7) Hell            Geh (7/7) Hell
    Coc (6/7) Hell            Tar (0/7) Hell            Zot (0/5) Depths:4
Ossuary (visited)

Altars:
Dithmenos
Elyvilon
Fedhas
Gozag
Kikubaaqudgha
Nemelex Xobeh
Okawaru
Qazlal
Sif Muna
Trog
Vehumet
Wu Jian
Xom
Yredelemnul
The Shining One
Beogh
Jiyva

Shops:
D:2 [[(   D:3 *   Orc:1 =   Orc:2 (!:!   Elf:1 *[[!*   Elf:2 [   Snake:2 (*?
Vaults:1 [   Vaults:2 ?   Vaults:4 =   Depths:1 [:   Depths:3 [?

Portals:
Hell: Depths:1 Depths:2 Depths:3 Depths:4
Abyss: Depths:3
Pandemonium: Depths:1 Depths:2
Ziggurat: Depths:4

Annotations:
Lair:6 exclusion: 2 oklob plants
Shoals:4 5 transporters
Elf:2 1 runed translucent door


Innate Abilities, Weirdness & Mutations

You are highly strong-willed. (Will++)
You are occasionally teleported next to monsters.
Your spells are a little harder to cast, but a little more powerful.


Message History

The Ice Fiend gestures at you.
The bolt of cold misses the water elemental.
The bolt of cold hits you but does no damage.
You block the water elemental's attack. x2
An elemental wellspring comes into view.
A torrent of water rises up through the elemental wellspring!
The torrent of water misses you.
The wave splashes down.
The water elemental hits you.
* * * LOW HITPOINT WARNING * * *
The water elemental engulfs you in water!
The water elemental is engulfed in freezing vapours.
The water elemental is destroyed!
The water elemental disappears in a puff of smoke!
You block the water elemental's attack. x2
Unknown command.
You slip free of the water engulfing you.
You gasp with relief as air once again reaches your lungs.
A torrent of water rises up through the elemental wellspring!
The torrent of water hits you!!
* * * LOW HITPOINT WARNING * * *
The wave splashes down.
You block the wendigo's attack. x2
You block the water elemental's attack. The water elemental misses you.
Water spirits pour forth from the elemental wellspring!
The water elemental is engulfed in freezing vapours.
You block the water elemental's attack.
The wendigo fires a burst of electricity at you.
The stunning burst hits you but does no damage.
You suddenly lose the ability to move!
The stunning burst hits the water elemental.
The water elemental resists.
The water elemental hits you. x2
You can move again.
Blink to where?
Press: ? - help, Dir - move target A caustic shrike simulacrum and an elemental wellspring come into view.
Found a stone staircase leading down.
As you read the scroll of blinking, it crumbles to dust.
The water elemental disappears in a puff of smoke!
A torrent of water rises up through the elemental wellspring!
The torrent of water hits you!!
You die...

.>≈≈≈..
.Z≈≈...
.≈E....
.≈≈≈...##
..≈≈≈......#
..≈≈.......#
≈≈≈≈.......##
≈≈≈≈≈....#@.#
≈..≈≈....#..#
....≈≈...#..##
....≈≈≈≈≈#..≈#
.#≈≈.≈≈≈≈≈.≈≈#
.≈≈≈EEEEEE≈≈##
.≈.≈.≈EER≈1≈#
.≈....≈E§§E≈#
...≈≈E≈EEE≈≈#


You could see an Ice Fiend, an elemental wellspring, 2 water elementals and a
caustic shrike simulacrum.

Vanquished Creatures
  Cerebov (Pan)
  Asmodeus (Geh:7)
  4 pandemonium lords (Pan)
  the Royal Jelly (Slime:5)
  Gloorx Vloq (Pan)
  Lom Lobon (Pan)
  4 dread liches
  7 ancient liches
  Mara (Vaults:3)
  Mennas (Vaults:4)
  A juggernaut (Depths:4)
  28 royal mummies
  Sojobo (Vaults:3)
  5 shard shrikes
  Saint Roka (Depths:2)
  Boris (thrice) (Tomb:3 Depths:2 Depths:3)
  Geryon (Hell)
  4 caustic shrikes (Depths:3)
  A profane servitor (Abyss:5)
  3 golden dragons
  A pearl dragon (Pan)
  8 Brimstone Fiends
  2 bone dragons
  A Tzitzimitl (Pan)
  5 hellephants
  A shard shrike zombie (Crypt:3)
  Jorgrun (Shoals:2)
  14 tentacled monstrosities
  Rupert (D:15)
  11 Ice Fiends
  A walking earthen tome (Depths:3)
  15 searing wretches
  A tainted leviathan (Hell)
  7 liches
  A walking crystal tome (Depths:3)
  A shard shrike skeleton (Crypt:2)
  13 acid blobs
  A walking divine tome (Depths:3)
  4 quicksilver dragons
  3 deep elf master archers (Elf:3)
  Asterion (Vaults:3)
  9 titans
  2 deep elf blademasters (Elf:3)
  Polyphemus (Shoals:2)
  8 ancient champions
  11 tentacled starspawn
  13 sphinxes
  Frances (D:13)
  15 Executioners (Pan)
  Gastronok (Lair:3)
  Kirke (Shoals:1)
  5 shadow dragons (Vaults:5)
  10 tengu reavers
  3 storm dragons
  Roxanne (Elf:3)
  7 rockslimes
  A daeva (Pan)
  3 demonspawn warmongers (Pan)
  7 revenants
  9 azure jellies
  12 fire giants
  5 narguns
  5 nagarajas (Snake:4)
  Ilsuiw (Shoals:2)
  Louise (D:14)
  3 iron dragons
  5 orc warlords
  15 frost giants
  7 shard shrike simulacra
  10 vault wardens
  2 caustic shrike zombies
  41 balrugs
  10 deep elf sorcerers
  4 deep elf elementalists
  A draconian shifter (Depths:4)
  2 caustic shrike skeletons (Crypt:3)
  2 angels
  4 draconian annihilators
  A draconian stormcaller (Depths:4)
  7 war gargoyles
  3 curse skulls
  27 ironbound preservers
  6 quicksilver oozes (Slime:5)
  9 cacodemons (Pan)
  14 reapers
  A spriggan defender (Depths:2)
  6 ghouls
  4 demonspawn corrupters (Pan)
  An ophan (Pan)
  17 stone giants
  3 demonspawn black suns (Pan)
  10 ironbound thunderhulks
  6 demonspawn blood saints (Pan)
  7 apis (Pan)
  21 very ugly things
  2 juggernaut skeletons
  4 putrid mouths (Hell)
  2 deep elf demonologists (Elf:3)
  8 vampire knights
  2 black draconians
  2 entropy weavers
  6 lorocyprocas
  28 bennus
  12 elemental wellsprings
  16 deep elf annihilators
  15 dire elephants
  2 purple draconians (Depths:4)
  3 spark wasps (Depths:1)
  2 white draconians (Depths:4)
  4 wendigos
  6 eidola
  A red draconian (Depths:4)
  12 blizzard demons
  4 crystal guardians
  5 merfolk javelineers
  20 mummy priests
  7 green deaths
  5 merfolk impalers
  The ghost of Acitodup the Arsonist, a journeyman OgFE of Okawaru (Lair:2)
  An ettin (shapeshifter) (D:13)
  12 yaktaur captains
  5 fire dragons
  11 jiangshi
  18 ettins
  8 deep elf death magi
  12 deep elf high priests
  6 great orbs of eyes
  7 spriggan zombies
  9 rakshasas
  Harold (D:8)
  9 ice dragons
  11 naga warriors
  3 juggernaut simulacra
  5 peacekeepers
  An alligator snapping turtle (Shoals:4)
  5 boulder beetles
  13 hydras
  Erolcha (D:11)
  33 vault guards
  A quicksilver dragon skeleton (Crypt:3)
  5 merfolk avatars
  4 spriggan air magi
  A catoblepas (Shoals:2)
  3 caustic shrike simulacra
  7 salamander tyrants
  Erica (D:11)
  2 fenstrider witch skeletons
  16 centaur warriors
  9 ironbound frosthearts
  A spriggan skeleton (Abyss:1)
  4 merfolk aquamancers
  2 death knights
  49 death scarabs
  An alligator (shapeshifter) (Vaults:5)
  8 anacondas
  7 deep troll earth magi
  5 two-headed ogres
  14 hell hogs
  9 death yaks
  5 deep troll shamans
  11 vampire magi
  31 dancing weapons
  10 spriggan berserkers
  7 tengu warriors
  16 thrashing horrors
  10 naga sharpshooters
  A titan zombie (Crypt:1)
  4 shock serpents
  67 sun demons
  39 hell knights
  20 soul eaters
  14 deep elf knights
  The ghost of taxman66 the Cleaver, a novice MiGl of Okawaru (D:8)
  A titan skeleton (Depths:1)
  6 wretched stars
  10 shadow wraiths
  2 storm dragon skeletons
  2 cherubim (Pan)
  50 skeletal warriors
  13 iron trolls
  4 salamander mystics
  A spark wasp zombie (Crypt:2)
  A quicksilver dragon simulacrum (Coc:3)
  10 sixfirhies (Pan)
  7 glowing orange brains
  3 spatial maelstroms
  A bunyip zombie (Crypt:3)
  5 anaconda zombies
  107 deep trolls
  An iron giant zombie (Tomb:3)
  A death drake (Abyss:5)
  4 flayed ghosts
  A bog body (Crypt:1)
  8 naga ritualists
  9 sea snakes
  9 lindwurms
  2 shadow demons (Pan)
  3 spriggan simulacra
  13 deep elf archers
  9 spectral anacondas (Snake:3)
  An orange crystal statue (Vaults:3)
  4 kraken simulacra (Coc:5)
  Pikel (D:4)
  15 harpies
  15 phantasmal warriors
  10 wizards
  21 mana vipers
  2 tengu zombies
  13 orc knights
  14 ironbound convokers
  A harpy (shapeshifter) (D:14)
  22 necromancers
  4 anaconda skeletons
  8 orc sorcerers
  3 stone giant zombies
  8 shining eyes
  4 fauns
  29 deep elf pyromancers
  28 deep elf zephyrmancers
  2 iron dragon zombies
  42 ugly things
  4 worldbinders
  A frost giant zombie (Depths:1)
  A salamander (shapeshifter) (Vaults:5)
  25 salamanders
  4 manticores
  14 cyclopes
  A shining eye (shapeshifter) (Vaults:5)
  8 elephants
  3 eyes of devastation (Pan)
  A black mamba (shapeshifter) (Elf:1)
  2 stone giant skeletons
  6 water nymphs
  A frost giant skeleton (Depths:3)
  An iron dragon skeleton (Crypt:3)
  47 black mambas
  A sphinx skeleton (Crypt:1)
  16 orange demons
  2 rust devils
  43 smoke demons
  5 molten gargoyles (Hell)
  8 merfolk sirens
  5 ice statues
  5 guardian serpents
  A moth of wrath (D:8)
  A dire elephant zombie (Crypt:1)
  10 cane toads
  20 naga magi
  A torpor snail (D:14)
  An alligator snapping turtle zombie (Crypt:1)
  5 gargoyles
  5 titan simulacra
  2 demonic crawlers
  15 vault sentinels
  A minotaur zombie (Crypt:2)
  2 naga skeletons
  9 hellions
  2 alligator snapping turtle skeletons
  3 dire elephant skeletons (Hell)
  3 unseen horrors
  An unseen horror (shapeshifter) (Abyss:3)
  2 kobold demonologists
  25 yaktaurs
  9 hellwings (Pan)
  4 rime drakes
  A black draconian zombie (Crypt:1)
  A purple draconian zombie (Crypt:1)
  A green draconian zombie (Crypt:1)
  5 efreet
  52 guardian mummies
  10 komodo dragons
  5 freezing wraiths
  10 red devils
  7 tengu conjurers
  A spark wasp simulacrum (Depths:3)
  13 tormentors
  6 anaconda simulacra
  A hydra zombie (Hell)
  2 ice devils
  An ancient zyme (Abyss:5)
  10 merfolk
  3 harpy zombies
  A tyrant leech (D:14)
  A sphinx simulacrum (Depths:1)
  A meliai (shapeshifter) (Abyss:5)
  A meliai (D:13)
  2 trolls
  3 human skeletons
  A merfolk (shapeshifter) (D:13)
  2 wolf spider simulacra
  2 trolls (shapeshifter)
  A silent spectre (Abyss:5)
  36 blink frogs
  15 hornets
  2 hydra skeletons
  17 raiju (Abyss:5)
  18 dream sheep
  58 slime creatures
  9 wind drakes
  2 dream sheep (shapeshifter) (Vaults:5)
  3 iron dragon simulacra
  7 snapping turtles
  A stone giant simulacrum (Coc:2)
  A merfolk skeleton (Crypt:1)
  27 flying skulls
  2 black mamba zombies
  A jumping spider (Vaults:3)
  A centaur simulacrum (Hell)
  14 water elementals
  A culicivora (Vaults:3)
  4 vampires
  A spriggan (Depths:4)
  15 wraiths
  9 dire elephant simulacra
  A fire dragon skeleton (Crypt:3)
  3 naga simulacra
  3 air elementals
  A jumping spider (shapeshifter) (D:13)
  7 wyverns
  An ice dragon skeleton (Crypt:2)
  2 ettin skeletons
  Grum (D:11)
  8 ushabtiu
  44 yaks
  12 ynoxinuls
  5 shadows
  33 starcursed masses
  3 fire bats (Depths:1)
  11 golden eyes
  21 humans (D:14)
  2 alligator snapping turtle simulacra
  6 basilisks
  4 hogs (Shoals:1)
  A redback (Vaults:3)
  11 chaos spawn
  2 steam dragons
  A redback (shapeshifter) (D:13)
  20 neqoxecs
  6 harpy simulacra
  5 vampire mosquitoes
  5 swamp worms (D:14)
  45 large abominations
  52 nagas
  2 spatial vortices (Abyss:5)
  A demonspawn zombie (Crypt:2)
  9 wargs
  2 hydra simulacra (Coc:2)
  3 acid dragons
  26 water moccasins
  4 floating eyes
  An ogre skeleton (Vaults:4)
  25 orc warriors
  4 ice beasts
  A sky beast (D:6)
  3 black bears
  The ghost of SnakkuSnakku7 the Skirmisher, an amateur HOFi (D:3)
  12 ogres
  2 ettin simulacra
  A swamp dragon zombie (Tomb:2)
  8 necrophages
  16 wolves
  20 centaurs
  3 lemures (D:3)
  4 kobold brigands
  5 elf zombies (Ossuary)
  A rime drake skeleton (Crypt:2)
  9 bullfrogs
  4 earth elementals
  5 small abominations
  2 swamp dragon simulacra
  2 wyvern skeletons
  A killer bee (Abyss:5)
  8 wights
  3 electric eels (D:14)
  7 crimson imps (Pan)
  2 bullfrog zombies (D:6)
  7 centaur zombies
  3 jellies (Lair:6)
  12 orc priests
  A human simulacrum (Vaults:1)
  A hound (D:5)
  5 human zombies
  2 bullfrog skeletons
  4 centaur skeletons
  An iron imp (Abyss:3)
  A basilisk skeleton (Crypt:2)
  2 iguanas
  42 orc wizards
  6 hell rats (Hell)
  2 scorpion zombies
  3 hound zombies
  A hound skeleton (Crypt:2)
  52 mummies
  A gnoll (D:1)
  A howler monkey skeleton (Crypt:1)
  7 adders
  A steam dragon skeleton (Crypt:2)
  3 white imps
  2 ufetubi
  2 adder skeletons
  A worm (D:3)
  112 orcs
  8 endoplasms
  4 giant cockroaches
  15 goblins
  6 hobgoblins
  21 kobolds
  4 quokkas
  5 ball pythons
  4 bats
  6 frilled lizards
  7 rats
  4 ball lightnings (Pan)
  A bush (D:4)
  6 fire vortices
  15 starspawn tentacles
  3 tentacles (Coc:5)
3410 creatures vanquished.

Vanquished Creatures (collateral kills)
  Mnoleg (Pan)
  A tentacled monstrosity (Pan)
  A searing wretch (Geh:7)
  2 cacodemons (Pan)
  A soul eater (Pan)
  6 sun demons (Pan)
  A shining eye (Pan)
  An orange demon (Pan)
  A fire vortex (Pan)
15 creatures vanquished.

Vanquished Creatures (others)
  A lich (Abyss:5)
  An eldritch tentacle (Pan)
  3 shard shrike simulacra
  A draconian annihilator (Pan)
  A demonspawn blood saint (Pan)
  A rakshasa (Pan)
  A deep elf high priest (Elf:3)
  A juggernaut simulacrum (Coc:5)
  2 wizards (Pan)
  A spriggan simulacrum (Coc:6)
  An ironbound convoker (Vaults:1)
  A deep elf archer (Elf:3)
  A deep elf pyromancer (Elf:3)
  A faun (Shoals:2)
  A water nymph (Shoals:2)
  An efreet (D:13)
  A tormentor (Geh:7)
  A merfolk (Shoals:2)
  A raiju (Abyss:5)
  A stone giant simulacrum (Coc:2)
  A ynoxinul (Pan)
  A neqoxec (Pan)
  A harpy simulacrum (Abyss:5)
  A naga (Snake:1)
  5 ball lightnings (Pan)
  3 bushes
  2 creeping infernos
  A fire vortex (Geh:4)
  41 fungi
  105 plants
  13 starspawn tentacles
  13 tentacles (Coc:5)
  34 withered plants (Crypt:3)
244 creatures vanquished.

Grand Total: 3669 creatures vanquished

Notes
Turn   | Place    | Note
-------+----------+-------------------------------------------
     0 | D:1      | SnakkuSnakku7 the Hill Orc Fighter began the quest for the
                  | Orb.
     0 | D:1      | Reached XP level 1. HP: 19/19 MP: 1/1
   157 | D:1      | Reached XP level 2. HP: 17/27 MP: 2/2
   282 | D:1      | Noticed an eye of devastation
   284 | D:1      | Found a faded altar of an unknown god.
   285 | D:1      | Noticed a floating eye
   285 | D:1      | Noticed a golden eye
   285 | D:1      | Noticed a great orb of eyes
   314 | D:1      | Reached XP level 3. HP: 30/34 MP: 3/3
  1059 | D:2      | Identified the +2 pair of boots of Pias {Fly Str-2 Int+4}
  1078 | D:2      | Found Dutt's Armour Shop.
  1125 | D:2      | Found Goatobot's Antique Armour Shop.
  1226 | D:2      | Found Ockuank's Antique Weapon Shoppe.
  1365 | D:2      | Found a shadowy altar of Dithmenos.
  1761 | D:3      | Found a runed translucent gate.
  1761 | D:3      | Found a runed translucent gate.
  1761 | D:3      | Found a runed translucent gate.
  1761 | D:3      | Noticed SnakkuSnakku7's ghost (amateur HOFi)
  1763 | D:3      | Found a basalt altar of Yredelemnul.
  1773 | D:3      | Reached XP level 4. HP: 39/41 MP: 4/4
  1783 | D:3      | Reached skill level 1 in Throwing
  1873 | D:3      | Reached skill level 5 in Axes
  1879 | D:3      | Reached XP level 5. HP: 39/47 MP: 5/5
  2138 | D:3      | Found Duucoffo's General Store.
  2144 | D:3      | Bought a scroll of teleportation for 30 gold pieces
  2144 | D:3      | Bought a +1 helmet for 115 gold pieces
  2289 | D:4      | Noticed a lemure
  2335 | D:4      | Noticed an ogre
  2355 | D:4      | Noticed a lemure
  2355 | D:4      | Noticed a lemure
  2356 | D:4      | Noticed Pikel
  2378 | D:3      | Killed a lemure
  2443 | D:3      | Killed a lemure
  2767 | D:4      | Noticed a lemure
  2802 | D:4      | Found a sand-covered staircase.
  2811 | Ossuary  | Entered an ossuary
  2887 | Ossuary  | Reached XP level 6. HP: 43/53 MP: 6/6
  2958 | Ossuary  | Reached XP level 7. HP: 47/60 MP: 7/7
  3135 | Ossuary  | Reached skill level 5 in Fighting
  3170 | D:4      | Found a blossoming altar of Fedhas.
  3216 | D:4      | Reached XP level 8. HP: 67/69 MP: 8/8
  3643 | D:3      | Killed SnakkuSnakku7's ghost
  3644 | D:3      | Reached skill level 10 in Axes
  3806 | D:5      | Entered Level 5 of the Dungeon
  4688 | D:4      | Killed Pikel
  4689 | D:4      | Reached XP level 9. HP: 63/82 MP: 9/9
  4849 | D:4      | Found a sparkling altar of Nemelex Xobeh.
  5397 | D:6      | Found a staircase to the Ecumenical Temple.
  5412 | Temple   | Entered the Ecumenical Temple
  5420 | Temple   | Became a worshipper of the Shining One
  5599 | D:6      | Reached skill level 10 in Fighting
  6171 | D:2      | Bought the +2 pair of gloves of Nice Joy {Str-5 Dex+7} for
                  | 282 gold pieces
  6364 | D:7      | Noticed a manticore
  6375 | D:7      | Killed a manticore
  6376 | D:7      | Reached XP level 10. HP: 49/93 MP: 10/10
  7236 | D:7      | Reached * piety under the Shining One
  7405 | D:8      | Found a transporter.
  7406 | D:8      | Noticed a moth of wrath
  7407 | D:8      | Noticed taxman66's ghost (novice MiGl)
  7407 | D:8      | Found the +1 cloak of Starlight {*Dazzle EV+4 Stlth--}
  7420 | D:8      | Found a transporter.
  7434 | D:8      | Noticed Harold
  7451 | D:8      | Killed Harold
  7452 | D:8      | Reached skill level 15 in Axes
  7744 | D:8      | Noticed a two-headed ogre
  7748 | D:8      | Killed a two-headed ogre
  8335 | D:8      | Found an iron altar of Okawaru.
  8336 | D:8      | Found an opulent altar of Gozag.
  8337 | D:8      | Found a stormy altar of Qazlal.
  8338 | D:8      | Found a radiant altar of Vehumet.
  8450 | D:9      | Reached ** piety under the Shining One
  8615 | D:9      | Noticed a deep elf zephyrmancer
  8619 | D:9      | Killed a deep elf zephyrmancer
  9397 | D:10     | Entered Level 10 of the Dungeon
  9402 | D:10     | Noticed a two-headed ogre
  9421 | D:10     | Killed a two-headed ogre
  9422 | D:10     | Reached XP level 11. HP: 71/99 MP: 11/11
  9662 | D:10     | Found a staircase to the Orcish Mines.
  9754 | D:10     | Noticed a sixfirhy
  9773 | D:10     | Noticed a sun demon
 10151 | D:10     | Found a white marble altar of Elyvilon.
 10232 | D:11     | Noticed a cyclops
 10255 | D:11     | Killed a cyclops
 10263 | D:11     | Found a staircase to the Lair.
 10296 | D:11     | Found the +7 mace of Variability {chain chaos}
 10298 | D:11     | Found a shimmering altar of Xom.
 10313 | D:11     | Reached *** piety under the Shining One
 10313 | D:11     | Noticed Grum
 10344 | D:11     | Killed Grum
 10493 | D:11     | Noticed Erica
 10503 | D:11     | Killed Erica
 10556 | D:11     | Noticed a purple ugly thing
 10564 | D:11     | Killed a purple ugly thing
 10628 | D:11     | Noticed Erolcha
 10832 | Lair:1   | Entered Level 1 of the Lair of Beasts
 10839 | Lair:1   | Reached skill level 5 in Armour
 11127 | Lair:1   | Reached XP level 12. HP: 101/106 MP: 12/12
 11652 | Lair:2   | Noticed an eight-headed hydra
 11666 | Lair:2   | Killed a one-headed hydra
 11847 | Lair:2   | Identified the +7 dagger of Obsession {freeze, rN+}
 11924 | Lair:2   | Reached skill level 10 in Armour
 11931 | Lair:2   | Reached skill level 1 in Dodging
 11931 | Lair:2   | Found a staircase to the Snake Pit.
 12479 | Lair:2   | Reached skill level 5 in Dodging
 12629 | Lair:2   | Found a runed translucent door.
 12629 | Lair:2   | Noticed Acitodup's ghost (journeyman OgFE)
 12794 | Lair:2   | Killed Acitodup's ghost
 12807 | Lair:2   | Identified the ring "Bunoisk" {Fly rC+}
 13031 | Lair:3   | Noticed a six-headed hydra
 13038 | Lair:3   | Killed a two-headed hydra
 13046 | Lair:3   | Reached XP level 13. HP: 107/113 MP: 13/13
 13237 | Lair:3   | Noticed Gastronok
 13256 | Lair:3   | Killed Gastronok
 14335 | Lair:4   | Reached skill level 10 in Dodging
 14337 | Lair:4   | Reached skill level 1 in Evocations
 14617 | Lair:4   | Found a staircase to the Shoals.
 15198 | Lair:5   | Reached skill level 5 in Evocations
 15278 | Lair:5   | Reached XP level 14. HP: 96/121 MP: 14/14
 15606 | Lair:5   | Reached skill level 1 in Invocations
 15807 | Lair:5   | Reached skill level 5 in Invocations
 15920 | Lair:6   | Entered Level 6 of the Lair of Beasts
 15954 | Lair:6   | Reached **** piety under the Shining One
 16137 | Lair:6   | Found a staircase to the Slime Pits.
 16808 | Lair:6   | Reached skill level 10 in Invocations
 17318 | D:2      | Bought a +2 plate armour of poison resistance for 407 gold
                  | pieces
 17349 | D:2      | Bought a pair of slimy boots for 218 gold pieces
 17349 | D:2      | Identified the +3 pair of boots "Puorywun" {rC+ Int+4
                  | Dex+6} (You bought it in a shop on level 2 of the Dungeon)
 17549 | D:8      | Killed taxman66's ghost
 17666 | Orc:1    | Entered Level 1 of the Orcish Mines
 17738 | Orc:2    | Entered Level 2 of the Orcish Mines
 18025 | Orc:1    | Reached ***** piety under the Shining One
 18027 | Orc:1    | Found Maomev's Jewellery Shoppe.
 18045 | Orc:1    | Bought an amulet of regeneration for 450 gold pieces
 18254 | Orc:2    | Noticed an orc warlord
 18377 | Orc:1    | Killed an orc warlord
 18470 | Orc:2    | Reached XP level 15. HP: 125/126 MP: 24/24
 18612 | Orc:2    | Found a staircase to the Elven Halls.
 18670 | Orc:2    | Found Fodgheb's Distillery.
 18670 | Orc:2    | Found Fiahoackemn's Book Boutique.
 18704 | Orc:2    | Found a roughly hewn altar of Beogh.
 18739 | Orc:2    | Found Plog's Distillery.
 18739 | Orc:2    | Found Husko's Weapon Boutique.
 19102 | Orc:2    | Bought 2 potions of heal wounds for 170 gold pieces
 19102 | Orc:2    | Bought 2 potions of curing for 102 gold pieces
 19102 | Orc:2    | Bought a potion of lignification for 51 gold pieces
 19102 | Orc:2    | Bought a potion of might for 68 gold pieces
 19102 | Orc:2    | Bought a potion of might for 68 gold pieces
 19133 | Orc:2    | Bought a potion of heal wounds for 80 gold pieces
 19337 | D:11     | Found a roughly hewn altar of Beogh.
 19531 | D:11     | Killed Erolcha
 20081 | D:12     | Reached skill level 15 in Invocations
 20651 | D:13     | Noticed a tengu reaver
 20664 | D:13     | Killed a tengu reaver
 20716 | D:13     | Reached ****** piety under the Shining One
 20969 | D:13     | Got Sif Muna's Papyrus of Floating Necromancy
 21216 | D:13     | Noticed Frances
 21229 | D:13     | Killed Frances
 21230 | D:13     | Reached XP level 16. HP: 138/147 MP: 27/27
 21722 | D:14     | Reached skill level 15 in Fighting
 21841 | D:14     | Found a shimmering blue altar of Sif Muna.
 22326 | D:14     | Noticed Louise
 22344 | D:14     | Killed Louise
 22628 | D:14     | Found a gate to the Vaults.
 22838 | D:15     | Entered Level 15 of the Dungeon
 22845 | D:15     | Noticed Rupert
 22862 | D:15     | Killed Rupert
 23012 | D:15     | Found a staircase to the Depths.
 23133 | D:15     | Found a shimmering altar of Xom.
 23136 | D:15     | Found a shimmering altar of Xom.
 23136 | D:15     | Found a shimmering altar of Xom.
 23138 | D:15     | Found an ancient bone altar of Kikubaaqudgha.
 23138 | D:15     | Found a bloodstained altar of Trog.
 23138 | D:15     | Found a bloodstained altar of Trog.
 23788 | Orc:2    | Bought a potion of resistance for 160 gold pieces
 23788 | Orc:2    | Bought 2 potions of heal wounds for 160 gold pieces
 23788 | Orc:2    | Bought a potion of cancellation for 128 gold pieces
 23788 | Orc:2    | Bought a potion of might for 64 gold pieces
 23788 | Orc:2    | Bought a potion of haste for 160 gold pieces
 23788 | Orc:2    | Bought a potion of berserk rage for 80 gold pieces
 23943 | Snake:1  | Entered Level 1 of the Snake Pit
 24930 | Snake:1  | Reached XP level 17. HP: 168/168 MP: 28/28
 26038 | Snake:2  | Found Busynuen's Weapon Emporium.
 26038 | Snake:2  | Found Najomael's General Store.
 26042 | Snake:2  | Found Poinoepp's Magic Scroll Emporium.
 26048 | Snake:2  | Bought a potion of degeneration for 14 gold pieces
 26051 | Snake:2  | Bought a scroll of enchant weapon for 127 gold pieces
 26051 | Snake:2  | Bought a scroll of noise for 17 gold pieces
 26051 | Snake:2  | Bought a scroll of fog for 34 gold pieces
 26053 | Snake:2  | Bought a scroll of torment for 105 gold pieces
 26053 | Snake:2  | Bought a scroll of teleportation for 42 gold pieces
 26053 | Snake:2  | Bought a scroll of magic mapping for 49 gold pieces
 26564 | Snake:3  | Identified the +1 war axe of Bual {vorpal, Will++ MP-9}
 28193 | Snake:4  | Entered Level 4 of the Snake Pit
 28629 | Snake:4  | Reached skill level 15 in Armour
 28640 | Snake:4  | Reached XP level 18. HP: 178/178 MP: 29/29
 29595 | Snake:4  | Got a serpentine rune of Zot
 30159 | Shoals:1 | Entered Level 1 of the Shoals
 30284 | Shoals:1 | Noticed Kirke
 30373 | Shoals:1 | Killed Kirke
 30502 | Shoals:1 | Reached skill level 5 in Shields
 30698 | Shoals:2 | Noticed Jorgrun
 30707 | Shoals:2 | Noticed Ilsuiw
 30710 | Shoals:2 | Noticed Polyphemus
 30714 | Shoals:2 | Killed Jorgrun
 30726 | Shoals:2 | Killed Polyphemus
 31027 | Shoals:2 | Killed Ilsuiw
 31179 | Shoals:2 | Identified the +8 chain mail of the Candlemaker {rElec rC-
                  | rCorr Slay+6}
 31435 | Shoals:4 | Entered Level 4 of the Shoals
 31460 | Shoals:4 | Found a transporter.
 31509 | Shoals:4 | Found a transporter.
 31511 | Shoals:4 | Found a transporter.
 31520 | Shoals:4 | Found a transporter.
 31545 | Shoals:4 | Reached skill level 10 in Shields
 31545 | Shoals:4 | Reached XP level 19. HP: 184/185 MP: 30/30
 31772 | Shoals:4 | Got a barnacled rune of Zot
 31842 | Shoals:4 | Identified the ring of Zeix {rC+ rN+ Str+2}
 31924 | Shoals:4 | Identified the +8 arbalest of Gehenna {freeze, Int+3 Dex+3
                  | Stlth+}
 31971 | Shoals:4 | Found a transporter.
 31977 | Shoals:4 | Found a transporter.
 32302 | Vaults:1 | Entered Level 1 of the Vaults
 32923 | Vaults:1 | Found Quyhosch's Armour Shop.
 32988 | Vaults:1 | Reached skill level 15 in Shields
 33360 | Vaults:1 | Reached XP level 20. HP: 157/193 MP: 31/31
 33513 | Vaults:2 | Identified the +3 quarterstaff of the Shimmering Enemy
                  | {chaos, +Blink Will+}
 34070 | Vaults:2 | Found Catushux's Magic Scroll Shoppe.
 34101 | Vaults:2 | Bought 3 scrolls of enchant weapon for 315 gold pieces
 34101 | Vaults:2 | Bought 2 scrolls of enchant weapon for 210 gold pieces
 34101 | Vaults:2 | Bought a scroll of enchant weapon for 105 gold pieces
 34101 | Vaults:2 | Bought a scroll of teleportation for 42 gold pieces
 34362 | D:15     | Identified a +2 broad axe of holy wrath (a +0 broad axe
                  | blessed by the Shining One)
 34362 | D:15     | Received a gift from the Shining One
 35401 | Vaults:3 | Noticed Asterion
 35412 | Vaults:3 | Killed Asterion
 35423 | Vaults:3 | Cast into level 2 of the Abyss (a wizard)
 35526 | Abyss:2  | Found a hazy altar of Hepliaklqana.
 35727 | Vaults:3 | Escaped the Abyss
 35766 | Vaults:3 | Noticed a bone dragon
 35780 | Vaults:3 | Killed a bone dragon
 35800 | Vaults:3 | Found a staircase to the Crypt.
 35830 | Crypt:1  | Entered Level 1 of the Crypt
 35982 | Crypt:1  | Reached XP level 21. HP: 201/201 MP: 34/34
 36895 | Crypt:2  | Found an ancient bone altar of Kikubaaqudgha.
 37503 | Crypt:3  | Entered Level 3 of the Crypt
 37807 | Crypt:3  | Noticed a bone dragon
 37817 | Crypt:3  | Killed a bone dragon
 37832 | Crypt:3  | Found the +9 sword of Zonguldrok {reap}
 38441 | Crypt:3  | Found an ancient bone altar of Kikubaaqudgha.
 38443 | Crypt:3  | Noticed an ancient lich
 38453 | Crypt:3  | Killed an ancient lich
 38454 | Crypt:3  | Reached XP level 22. HP: 209/209 MP: 36/38
 38456 | Crypt:3  | Noticed a dread lich
 38461 | Crypt:3  | Killed a dread lich
 38480 | Crypt:3  | Noticed an ancient lich
 38485 | Crypt:3  | Killed an ancient lich
 38490 | Crypt:3  | Got the Compendium of Moulding
 38598 | Crypt:3  | Found a staircase to the Tomb.
 38598 | Crypt:3  | Noticed an ancient lich
 38605 | Crypt:3  | Killed an ancient lich
 38901 | Vaults:3 | Noticed Mara
 38922 | Vaults:3 | Killed Mara
 39285 | Vaults:3 | Noticed Sojobo
 39342 | Vaults:3 | Killed Sojobo
 39826 | Vaults:4 | Found Coiguni's Jewellery Shop.
 39856 | Vaults:4 | Paralysed by a sphinx for 4 turns
 40044 | Vaults:4 | Bought the ring "Ziss" {rPois rC+ Dex+3 Slay+4} for 1728
                  | gold pieces
 40174 | Vaults:4 | Reached skill level 27 in Invocations
 40364 | Vaults:4 | Found a portal to a secret trove of treasure.
 40679 | Vaults:4 | Reached XP level 23. HP: 220/220 MP: 40/40
 40859 | Vaults:4 | Noticed Mennas
 40885 | Vaults:4 | Killed Mennas
 40999 | Vaults:5 | Entered Level 5 of the Vaults
 41064 | Vaults:5 | Noticed an ancient lich
 41145 | Vaults:5 | Killed an ancient lich
 41148 | Vaults:5 | Gained mutation: You sometimes lose the ability to read
                  | scrolls when taking damage. [a shining eye]
 41193 | Vaults:4 | Lost mutation: You sometimes lose the ability to read
                  | scrolls when taking damage. [potion of mutation]
 41193 | Vaults:4 | Gained mutation: Your mind is acute. (Int +2) [potion of
                  | mutation]
 41193 | Vaults:4 | Gained mutation: You have sharp toenails. [potion of
                  | mutation]
 41193 | Vaults:4 | Gained mutation: You are frail. (-10% HP) [potion of
                  | mutation]
 41194 | Vaults:4 | Lost mutation: You have sharp toenails. [potion of
                  | mutation]
 41194 | Vaults:4 | Lost mutation: Your mind is acute. (Int +2) [potion of
                  | mutation]
 41194 | Vaults:4 | Lost mutation: You are frail. (-10% HP) [potion of
                  | mutation]
 41194 | Vaults:4 | Gained mutation: You are dopey. (Int -2) [potion of
                  | mutation]
 41194 | Vaults:4 | Gained mutation: You are partially covered in large bone
                  | plates. (SH +4) [potion of mutation]
 41194 | Vaults:4 | Gained mutation: You are robust. (+10% HP) [potion of
                  | mutation]
 41405 | Vaults:5 | Got a silver rune of Zot
 41495 | Vaults:5 | Noticed a dread lich
 41506 | Vaults:5 | Killed a dread lich
 41612 | Vaults:5 | Found the necklace of Bloodlust {*Rage Will++ Int-3 Slay+6}
 41802 | Vaults:5 | Noticed a golden dragon
 41815 | Vaults:5 | Killed a golden dragon
 41826 | Vaults:5 | Noticed an ancient lich
 41853 | Vaults:5 | Killed an ancient lich
 42117 | Vaults:5 | Found the +7 Singing Sword {vorpal, sonic wave}
 42124 | Vaults:5 | Identified the +1 hand axe "Hak Sez" {freeze, Str+2 Int+6
                  | Dex+2 Stlth-}
 42147 | Vaults:5 | Identified the +0 whip of Hubris {chaos, Int+7}
 42159 | Vaults:5 | Noticed a dread lich
 42175 | Vaults:5 | Killed a dread lich
 42182 | Vaults:5 | Reached XP level 24. HP: 244/266 MP: 40/40
 42282 | Vaults:5 | Identified the +0 chain mail "Joenaho" {rElec rPois Slay+3}
 42705 | Vaults:5 | Identified the ring "Diciwoiz" {rC+ Will+ Str+4 Int+6}
 43038 | Elf:1    | Entered Level 1 of the Elven Halls
 43044 | Elf:1    | Paralysed by an air elemental for 1 turns
 43050 | Elf:1    | Found Ustal's Assorted Antiques.
 43068 | Elf:1    | Bought a scroll of enchant armour for 255 gold pieces
 43068 | Elf:1    | Bought a scroll of teleportation for 102 gold pieces
 43164 | Elf:1    | Found Kaobrus's Antique Armour Emporium.
 43325 | Elf:1    | Found Foutzog's General Store.
 43331 | Elf:1    | Bought a scroll of teleportation for 45 gold pieces
 43395 | Elf:1    | Found Pomirhoe's Distillery.
 43430 | Elf:1    | Bought a potion of heal wounds for 75 gold pieces
 43430 | Elf:1    | Bought a potion of mutation for 120 gold pieces
 43513 | Elf:1    | Bought a potion of cancellation for 120 gold pieces
 43680 | Elf:1    | Found Vaditotz's Armour Emporium.
 43838 | Elf:2    | Found Mixerch's Armour Emporium.
 43908 | Elf:2    | Found a runed translucent door.
 43935 | Elf:2    | Found a runed translucent door.
 44569 | Elf:3    | Entered Level 3 of the Elven Halls
 44757 | Elf:2    | Reached skill level 27 in Fighting
 44900 | Elf:3    | Identified Roxanne's Papyrus of Shape Shifting
 44900 | Elf:3    | Noticed Roxanne
 44928 | Elf:3    | Killed Roxanne
 44979 | Elf:3    | Paralysed by an air elemental for 1 turns
 45628 | Elf:3    | Identified the ring "Jatz" {rElec Will+++ rCorr Int-5
                  | Dex-3}
 45655 | Elf:3    | Reached XP level 25. HP: 244/282 MP: 28/40
 45681 | Elf:3    | Identified the ring "Boxtuawi" {Contam rPois rC- Int+8
                  | Slay+5}
 45938 | Elf:3    | Got Ocuod's Grimoire of Conjuration
 46004 | Elf:3    | Identified the +9 scale mail "Pivaorghe" {rF+++ Will- Dex+3
                  | Stlth+}
 46221 | Elf:3    | Found a bloodstained altar of Trog.
 46663 | Vaults:4 | You paid a toll of +2 shadow dragon scales to enter a
                  | treasure trove
 46664 | Trove    | Entered a treasure trove
 46678 | Trove    | Identified the ring of Mistrust {rElec SInv}
 46680 | Trove    | Identified the ring "Damyasic" {Wiz *Slow rElec rCorr}
 47087 | Slime:1  | Entered Level 1 of the Pits of Slime
 47095 | Slime:1  | Gained mutation: Your spells are a little easier to cast,
                  | but a little less powerful. [a shining eye]
 47318 | Slime:4  | Gained mutation: You do not regenerate when monsters are
                  | visible. [a shining eye]
 47319 | Slime:4  | Gained mutation: Your body sometimes deteriorates upon
                  | taking damage. [a shining eye]
 47323 | Slime:4  | Gained mutation: You occasionally shout uncontrollably at
                  | your foes. [a shining eye]
 47353 | Slime:4  | Lost mutation: Your spells are a little easier to cast, but
                  | a little less powerful. [potion of mutation]
 47353 | Slime:4  | Lost mutation: You do not regenerate when monsters are
                  | visible. [potion of mutation]
 47353 | Slime:4  | Gained mutation: You are very robust. (+20% HP) [potion of
                  | mutation]
 47353 | Slime:4  | Gained mutation: You are partially covered in iridescent
                  | scales. (AC +2) [potion of mutation]
 47353 | Slime:4  | Gained mutation: Your muscles are strong. (Str +2) [potion
                  | of mutation]
 47390 | Slime:5  | Entered Level 5 of the Pits of Slime
 47512 | Slime:5  | Noticed the Royal Jelly
 47662 | Slime:5  | Gained mutation: You are very dopey. (Int -4) [a shining
                  | eye]
 47813 | Slime:5  | Found a viscous altar of Jiyva.
 47814 | Slime:5  | Found the +2 hood of the Assassin {Detection Stab+ Stlth++}
 47964 | Slime:5  | Killed the Royal Jelly
 47984 | Slime:5  | Got Sif Muna's Disquisition on Hexes
 48007 | Slime:5  | Got a slimy rune of Zot
 48029 | Slime:5  | Identified the ring of Balance {Ice rPois Int+2 Dex-5
                  | Slay+3}
 48728 | Tomb:1   | Entered Level 1 of the Tomb of the Ancients
 49130 | Tomb:1   | Noticed a royal mummy
 49135 | Tomb:1   | Killed a royal mummy
 49576 | Tomb:2   | Noticed a royal mummy
 49581 | Tomb:2   | Gained mutation: Armour fits poorly on your strangely
                  | shaped body. [mutagenic glow]
 49584 | Tomb:2   | Killed a royal mummy
 49595 | Tomb:2   | Noticed a royal mummy
 49601 | Tomb:2   | Killed a royal mummy
 49611 | Tomb:2   | Noticed a royal mummy
 49616 | Tomb:2   | Reached XP level 26. HP: 144/319 MP: 8/40
 49616 | Tomb:2   | Killed a royal mummy
 49622 | Tomb:2   | Noticed a royal mummy
 49627 | Tomb:2   | Killed a royal mummy
 50007 | Tomb:1   | Noticed a royal mummy
 50019 | Tomb:1   | Killed a royal mummy
 50027 | Tomb:1   | Noticed a royal mummy
 50029 | Tomb:1   | Noticed a royal mummy
 50036 | Tomb:1   | Killed a royal mummy
 50038 | Tomb:1   | Killed a royal mummy
 50057 | Tomb:1   | Noticed a royal mummy
 50070 | Tomb:1   | Killed a royal mummy
 50277 | Tomb:1   | Noticed a royal mummy
 50277 | Tomb:1   | Noticed a royal mummy
 50293 | Tomb:1   | Killed a royal mummy
 50293 | Tomb:1   | Killed a royal mummy
 50297 | Tomb:1   | Noticed a royal mummy
 50311 | Tomb:1   | Noticed a royal mummy
 50312 | Tomb:1   | Killed a royal mummy
 50315 | Tomb:1   | Killed a royal mummy
 50315 | Tomb:1   | Noticed a royal mummy
 50316 | Tomb:1   | Noticed a royal mummy
 50321 | Tomb:1   | Killed a royal mummy
 50321 | Tomb:1   | Killed a royal mummy
 50321 | Tomb:1   | Noticed a royal mummy
 50540 | Tomb:1   | Noticed a royal mummy
 50546 | Tomb:1   | Killed a royal mummy
 50555 | Tomb:1   | Killed a royal mummy
 50591 | Tomb:1   | Noticed a royal mummy
 50757 | Tomb:1   | Killed a royal mummy
 50978 | Tomb:1   | Noticed a royal mummy
 51005 | Tomb:1   | Killed a royal mummy
 51334 | Tomb:3   | Entered Level 3 of the Tomb of the Ancients
 51344 | Tomb:3   | Noticed a royal mummy
 51346 | Tomb:3   | Noticed a royal mummy
 51347 | Tomb:3   | Noticed Boris
 51351 | Tomb:3   | Noticed a royal mummy
 51353 | Tomb:3   | Killed Boris
 51362 | Tomb:2   | Killed a royal mummy
 51772 | Tomb:3   | Noticed a royal mummy
 51779 | Tomb:3   | Noticed a royal mummy
 51780 | Tomb:3   | Killed a royal mummy
 51788 | Tomb:3   | Noticed a royal mummy
 51788 | Tomb:3   | Noticed a royal mummy
 51791 | Tomb:3   | Killed a royal mummy
 51795 | Tomb:3   | Killed a royal mummy
 51796 | Tomb:3   | Killed a royal mummy
 51822 | Tomb:3   | Got a golden rune of Zot
 52019 | Tomb:3   | Reached XP level 27. HP: 327/327 MP: 40/40
 52023 | Tomb:3   | Noticed a royal mummy
 52028 | Tomb:3   | Killed a royal mummy
 52032 | Tomb:3   | Killed a royal mummy
 52231 | Tomb:3   | Killed a royal mummy
 52241 | Tomb:3   | Noticed a royal mummy
 52268 | Tomb:3   | Killed a royal mummy
 52418 | Tomb:3   | Identified the +6 storm dragon scales "Moism" {rElec rPois
                  | Str+3}
 52618 | Tomb:3   | Identified the +0 leather armour of the Trombone {Harm rF+}
 52946 | Crypt:3  | Cast into level 5 of the Abyss (unwielding a weapon of
                  | distortion)
 52946 | Abyss:5  | Entered Level 5 of the Abyss
 53421 | Abyss:5  | Paralysed by a floating eye for 4 turns
 53433 | Abyss:5  | Got an abyssal rune of Zot
 53433 | Abyss:5  | Paralysed by a floating eye for 2 turns
 53562 | Crypt:3  | Escaped the Abyss
 53863 | Depths:1 | Entered Level 1 of the Depths
 54104 | Depths:1 | Found an ancient bone altar of Kikubaaqudgha.
 54147 | Depths:1 | Found Ginuteagg's Book Emporium.
 54150 | Depths:1 | Found Nypnaw's Armour Boutique.
 54158 | Depths:1 | Bought a +2 helmet of intelligence for 430 gold pieces
 54283 | Depths:1 | Found a one-way gate leading to the halls of Pandemonium.
 54386 | Depths:1 | Learned a level 1 spell: Apportation
 54389 | Depths:1 | Learned a level 2 spell: Blink
 54448 | Depths:1 | Found a gateway to Hell.
 54675 | Depths:1 | Found an ornate altar of the Wu Jian Council.
 55174 | Depths:2 | Found a basalt altar of Yredelemnul.
 55278 | Depths:2 | Noticed Boris
 55290 | Depths:2 | Killed Boris
 55517 | Depths:2 | Found a runed translucent door.
 55560 | Depths:2 | Noticed Saint Roka
 55581 | Depths:2 | Killed Saint Roka
 55668 | Depths:2 | Found a runed translucent door.
 55668 | Depths:2 | Found the amulet of Vitality {Regen+ HP+15}
 55869 | Depths:3 | Reached skill level 27 in Armour
 56095 | Depths:3 | Found Punoytun's Magic Scroll Emporium.
 56095 | Depths:3 | Found Nuywkuv's Armour Shoppe.
 56109 | Depths:3 | Bought a scroll of fear for 52 gold pieces
 56109 | Depths:3 | Bought a scroll of teleportation for 45 gold pieces
 56109 | Depths:3 | Bought a scroll of teleportation for 45 gold pieces
 56109 | Depths:3 | Bought a scroll of magic mapping for 52 gold pieces
 56418 | Depths:3 | Identified the +8 quarterstaff of Doyvosh {vorpal, rElec
                  | rN+ rCorr MP-9}
 56431 | Depths:3 | Noticed a dread lich
 56436 | Depths:3 | Noticed Boris
 56488 | Depths:3 | Killed Boris
 56491 | Depths:3 | Killed a dread lich
 56803 | Depths:3 | Found a one-way gate to the infinite horrors of the Abyss.
 56937 | Depths:4 | Entered Level 4 of the Depths
 57084 | Depths:4 | Found a gate to the Realm of Zot.
 57228 | Depths:4 | Noticed a juggernaut
 57247 | Depths:4 | Killed a juggernaut
 57389 | Depths:4 | Found a one-way gateway to a ziggurat.
 57660 | Pan      | Entered Pandemonium
 57689 | Pan      | Noticed Zykhaher the pandemonium lord
 57701 | Pan      | Killed Zykhaher the pandemonium lord
 57706 | Pan      | Got a demonic rune of Zot
 57790 | Pan      | Noticed Fin Dyxa the pandemonium lord
 57825 | Pan      | Killed Fin Dyxa the pandemonium lord
 57961 | Pan      | Noticed Cihel the pandemonium lord
 57974 | Pan      | Killed Cihel the pandemonium lord
 57989 | Pan      | Entered the realm of Gloorx Vloq.
 58089 | Pan      | Found an exit through the horrors of the Abyss.
 58402 | Pan      | Noticed Gloorx Vloq
 58411 | Pan      | Killed Gloorx Vloq
 58412 | Pan      | Reached skill level 27 in Shields
 58436 | Pan      | Got a dark rune of Zot
 58603 | Pan      | Found a white marble altar of Elyvilon.
 58730 | Pan      | Noticed Buotothry the pandemonium lord
 58824 | Pan      | Noticed Beseu the pandemonium lord
 58901 | Pan      | Identified the +0 rapier "Tudgheash" {drain, Drain rF+
                  | Str+3 Dex+3}
 58907 | Pan      | Identified the ring "Qalifahin" {rC+ AC+4 Int+2}
 58990 | Depths:2 | Escaped Pandemonium
 58992 | Pan      | Entered the realm of Lom Lobon.
 58992 | Pan      | Entered Pandemonium
 59110 | Pan      | Found an exit through the horrors of the Abyss.
 59145 | Pan      | Identified the +1 chain mail of Card Tricks {rF++}
 59227 | Pan      | Noticed Lom Lobon
 59280 | Pan      | Killed Lom Lobon
 59298 | Pan      | Got a magical rune of Zot
 59471 | Pan      | Found an exit through the horrors of the Abyss.
 59476 | Pan      | Entered the realm of Mnoleg.
 59476 | Pan      | Found an exit through the horrors of the Abyss.
 59538 | Pan      | Gained mutation: You have hidden genetic defects. [a
                  | cacodemon]
 59543 | Pan      | Gained mutation: You have terrible hidden genetic defects.
                  | [a neqoxec]
 59575 | Pan      | Paralysed by a floating eye for 4 turns
 59584 | Pan      | Reached skill level 27 in Axes
 59703 | Pan      | Gained mutation: Your magical capacity is low. (-10% MP) [a
                  | shining eye]
 59742 | Pan      | Gained mutation: You are clumsy. (Dex -2) [a cacodemon]
 59764 | Pan      | Noticed Mnoleg
 59792 | Pan      | Killed Mnoleg
 59891 | Pan      | Got a glowing rune of Zot
 59949 | Pan      | Gained mutation: Your spells are a little easier to cast,
                  | but a little less powerful. [a cacodemon]
 59955 | Pan      | Reached skill level 10 in Evocations
 59987 | Pan      | Noticed Tiviabbi the pandemonium lord
 59996 | Pan      | Killed Tiviabbi the pandemonium lord
 59996 | Pan      | Lost mutation: You are very robust. (+20% HP) [hidden
                  | defects]
 60077 | Pan      | Entered the realm of Cerebov.
 60238 | Pan      | Identified the ring "Puigaaz" {rN+ Int+10 Dex+4 Slay-4
                  | SInv}
 60243 | Pan      | Identified the +9 plate armour of Undesirable Species
                  | {Dex+5}
 60315 | Pan      | Gained mutation: You are occasionally teleported next to
                  | monsters. [hidden defects]
 60315 | Pan      | Lost mutation: You have terrible hidden genetic defects.
                  | [hidden defects expressed]
 60372 | Pan      | Lost mutation: You are partially covered in iridescent
                  | scales. (AC +2) [potion of mutation]
 60372 | Pan      | Lost mutation: Your spells are a little easier to cast, but
                  | a little less powerful. [potion of mutation]
 60372 | Pan      | Lost mutation: You are robust. (+10% HP) [potion of
                  | mutation]
 60373 | Pan      | Lost mutation: You are clumsy. (Dex -2) [potion of
                  | mutation]
 60373 | Pan      | Lost mutation: Your muscles are strong. (Str +2) [potion of
                  | mutation]
 60373 | Pan      | Lost mutation: You occasionally shout uncontrollably at
                  | your foes. [potion of mutation]
 60373 | Pan      | Gained mutation: Your muscles are strong. (Str +2) [potion
                  | of mutation]
 60374 | Pan      | Lost mutation: Your muscles are strong. (Str +2) [potion of
                  | mutation]
 60374 | Pan      | Lost mutation: Your body sometimes deteriorates upon taking
                  | damage. [potion of mutation]
 60374 | Pan      | Gained mutation: You are sometimes teleported next to
                  | monsters. [potion of mutation]
 60374 | Pan      | Gained mutation: Your magical capacity is very low. (-20%
                  | MP) [potion of mutation]
 60374 | Pan      | Gained mutation: You expend magic power (3 MP) to
                  | strengthen your wands. [potion of mutation]
 60375 | Pan      | Lost mutation: You are very dopey. (Int -4) [potion of
                  | mutation]
 60375 | Pan      | Lost mutation: You are dopey. (Int -2) [potion of mutation]
 60375 | Pan      | Gained mutation: Your spells are a little harder to cast,
                  | but a little more powerful. [potion of mutation]
 60511 | Pan      | Identified the amulet of Nasmem {Faith +Inv Dex+3 Stlth+}
 60523 | Pan      | Identified the +7 broad axe of Revolt {vamp, Fly rF+ rN+
                  | Str+3}
 60648 | Pan      | Lost mutation: You are partially covered in large bone
                  | plates. (SH +4) [potion of mutation]
 60648 | Pan      | Lost mutation: You expend magic power (3 MP) to strengthen
                  | your wands. [potion of mutation]
 60648 | Pan      | Lost mutation: Your magical capacity is very low. (-20% MP)
                  | [potion of mutation]
 60648 | Pan      | Gained mutation: You are agile. (Dex +2) [potion of
                  | mutation]
 60648 | Pan      | Gained mutation: Your flesh is cold resistant. (rC+)
                  | [potion of mutation]
 60653 | Pan      | Lost mutation: Your flesh is cold resistant. (rC+) [potion
                  | of mutation]
 60653 | Pan      | Lost mutation: You are agile. (Dex +2) [potion of mutation]
 60653 | Pan      | Lost mutation: Your magical capacity is low. (-10% MP)
                  | [potion of mutation]
 60653 | Pan      | Gained mutation: You have supernaturally acute eyesight.
                  | (SInv) [potion of mutation]
 60653 | Pan      | Gained mutation: Potions are less effective at restoring
                  | your health. [potion of mutation]
 60654 | Pan      | Lost mutation: Your spells are a little harder to cast, but
                  | a little more powerful. [potion of mutation]
 60654 | Pan      | Lost mutation: Potions are less effective at restoring your
                  | health. [potion of mutation]
 60654 | Pan      | Lost mutation: You have supernaturally acute eyesight.
                  | (SInv) [potion of mutation]
 60654 | Pan      | Gained mutation: You are strong-willed. (Will+) [potion of
                  | mutation]
 60654 | Pan      | Gained mutation: Your spells are a little harder to cast,
                  | but a little more powerful. [potion of mutation]
 60655 | Pan      | Lost mutation: Armour fits poorly on your strangely shaped
                  | body. [potion of mutation]
 60655 | Pan      | Lost mutation: You have hidden genetic defects. [potion of
                  | mutation]
 60655 | Pan      | Lost mutation: You are sometimes teleported next to
                  | monsters. [potion of mutation]
 60655 | Pan      | Gained mutation: You are highly strong-willed. (Will++)
                  | [potion of mutation]
 60791 | Pan      | Found the +6 sword of Cerebov {flame}
 60791 | Pan      | Noticed Cerebov
 60818 | Pan      | Killed Cerebov
 60943 | Pan      | Got a fiery rune of Zot
 61014 | Pan      | Reached skill level 15 in Evocations
 61040 | Pan      | Reached skill level 1 in Translocations
 61168 | Pan      | Found an exit through the horrors of the Abyss.
 61191 | Pan      | Took an exit into the Abyss.
 61191 | Abyss:1  | Escaped into the Abyss
 61235 | Abyss:1  | Noticed an ancient lich
 61243 | Abyss:1  | Killed an ancient lich
 61350 | Depths:2 | Escaped the Abyss
 61371 | Hell     | Entered the Vestibule of Hell
 61371 | Hell     | Noticed Geryon
 61392 | Hell     | Killed Geryon
 61424 | Hell     | Reached skill level 5 in Translocations
 61471 | Hell     | Found a gateway to the Iron City of Dis.
 61564 | Hell     | Found a gateway to the decaying netherworld of Tartarus.
 61817 | Hell     | Found a gateway to the ashen valley of Gehenna.
 61978 | Geh:1    | Entered Level 1 of Gehenna
 62070 | Geh:5    | Reached skill level 10 in Translocations
 62172 | Geh:7    | Entered Level 7 of Gehenna
 62553 | Geh:7    | Found the +7 sceptre of Asmodeus
 62553 | Geh:7    | Noticed Asmodeus
 62571 | Geh:7    | Killed Asmodeus
 62610 | Geh:7    | Got an obsidian rune of Zot
 62798 | Hell     | Found a gateway to the freezing wastes of Cocytus.
 62825 | Coc:1    | Entered Level 1 of Cocytus
 63035 | Coc:3    | Noticed an ancient lich
 63047 | Coc:3    | Killed an ancient lich
 63271 | Coc:3    | You fall into a shaft and drop 1 floor!
 63352 | Coc:5    | Paralysed by a wendigo for 1 turns
 63458 | Coc:6    | Paralysed by a wendigo for 1 turns
 63478 | Coc:6    | HP: 10/288 [elemental wellspring/torrent of water (31)]
 63478 | Coc:6    | Paralysed by a wendigo for 1 turns
 63479 | Coc:6    | Killed from afar by an elemental wellspring

Illustrated notes

Levels and vault maps discovered:
D:1:      dpeg_arrival_orchard, layout_basic,
          hellmonk_ecumenical_altar_watching_god, minmay_hexomino_f4
D:2:      layout_basic, serial_shops, nicolae_square_shop, shop_coins, shop,
          basic_altar, grunt_ministairs_8
D:3:      layout_basic, nicolae_yredelemnul_ghost_church, serial_shops, shop
D:4:      layout_rooms, nemelex_dance_club_becter, fedhas_altar_decomposition,
          nicolae_ossuary_entry_ruins, hangedman_decor_points, uniq_pikel
D:5:      layout_loops_cross, minmay_ogre_servants
D:6:      layout_basic, minmay_temple_entry_tees, nrook_mini_vaults
D:7:      minmay_evil_eye, layout_basic, serial_co_window_serial,
          co_window_paths_a, co_window_paths_a, co_window_corner_a,
          co_window_corner_a, co_window_corner_a, co_window_corner_a,
          co_window_paths_a, co_window_paths_a, co_window_of_opportunity_a,
          co_window_corner_b, co_window_broadway_a, co_window_corner_cb,
          co_window_paths_c, co_window_paths_e, co_window_4corner_a,
          glass_columns_b, glass_columns_b
D:8:      layout_gridville, mainiacjoe_overflow_alcove_3,
          gammafunk_ghost_berserking_beasts, uniq_harold
D:9:      layout_rooms, minmay_librarian
D:10:     layout_rooms, nicolae_elyvilon_peaceful_grove, orc_0_dummy,
          minivault_27
D:11:     layout_gridville, lair_entry_dummy, special_room [special_room_orc],
          amcnicky_mini_pool_small, minmay_guarded_unrand_variability,
          uniq_erica, uniq_grum, uniq_erolcha
D:12:     layout_loops_ring
D:13:     minmay_heptahexagon, layout_loops_ring, uniq_frances
D:14:     minmay_goldmine, layout_basic, grunt_vaults_entry_tiered,
          nicolae_sif_muna_condensation, worms_lemuel, uniq_louise
D:15:     hangedman_depths_entry_try_elsewhere_first, layout_gridville,
          doesnt_xom_only_xom, uniq_rupert
Temple:   dpeg_chambers_temple
Lair:1:   layout_long_grid
Lair:2:   layout_gridlike, minmay_snake_entry_six_corridors,
          ebering_ghost_inner_flame
Lair:3:   layout_cave_shapes, uniq_gastronok
Lair:4:   layout_cave_pods, minmay_shoals_entry_beasts
Lair:5:   layout_long_grid, grunt_megastairs_3, lemuel_fruit_tree
Lair:6:   gammafunk_lair_ancient_temple, layout_misc_corridors,
          nicolae_slime_entry_slimehenge, dpeg_oklob_1
Shoals:1: layout_shoals, uniq_kirke
Shoals:2: layout_shoals, uniq_ilsuiw, uniq_jorgrun, uniq_polyphemus
Shoals:3: layout_shoals
Shoals:4: shoals_end_simple, layout_shoals, serial_nicolae_subway,
          nicolae_sub_station_metal, nicolae_sub_station_stone,
          nicolae_sub_station_crystal
Snake:1:  layout_layer_cave
Snake:2:  layout_honeycomb, minmay_shop_star
Snake:3:  layout_layer_cave, drop_trap, nicolae_snake_dead_anacondas
Snake:4:  johnstein_snake_rune_scales, layout_chambers, nicolae_snake_shapes
Slime:1:  layout_caves
Slime:2:  cheibrodos_slime_lost_civilization_1, layout_caves
Slime:3:  layout_caves
Slime:4:  layout_caves
Slime:5
Orc:1:    layout_caves, serial_shops, shop
Orc:2:    st_orc_town, layout_diamond_mine
Elf:1:    layout_loops_cross, serial_shops, shop_fountains,
          nicolae_shop_overgrown_old_shop, nicolae_diamond_shop,
          nicolae_lakefront_shop, shop, hangedman_elf_represent, st_stairs_6
Elf:2:    elven_hall_of_blades_hangedman_original
          [nicolae_blade_entry_splitting_headache], layout_loops_cross,
          serial_shops, nicolae_shop_temple_entry_statues_fountains
Elf:3:    minmay_elf_hall_hex, layout_loops_ring, evilmike_spriggan_trog_shrine,
          uniq_roxanne
Vaults:1: ontoclasm_vaults_ring_square, serial_ice_b, vaults_mumra_lcd,
          hangedman_vaults_hat, ontoclasm_vaults_pinch, v_alt_pattern_5,
          v_misc_29, v_misc_26, nicolae_vaults_little_squares_6, v_misc_24,
          nicolae_vaults_quartermaster, nicolae_vaults_big_angled_halls,
          nicolae_vaults_little_squares_1, nicolae_vaults_what_the_h, v_misc_14,
          nicolae_vaults_alarming, layout_vaults_maze_bifur, serial_shops,
          nicolae_shop_trees
Vaults:2: v_rooms_4, vaults_dpeg_cross, vaults_room_stairs_pillars, v_misc_24,
          nicolae_vaults_windows_and_doors_thing, vaults_dpeg_ring,
          vaults_room_ringed_pool, layout_vaults_omnigrid, serial_shops,
          nicolae_shop_waterfront
Vaults:3: minmay_crypt_entry_nasty_monster, vaults_room_corners, v_misc_9,
          v_misc_30, nicolae_vaults_statue_guard, nicolae_vaults_circle_grid_a,
          grunt_vaults_twisty, ontoclasm_vaults_spin, ontoclasm_vaults_chip,
          hangedman_vaults_stretched_pinwheel, grunt_vaults_hallway_short,
          vaults_room_pool, layout_vaults_big_room, uniq_mara, uniq_asterion,
          uniq_sojobo
Vaults:4: vaults_room_door_hall, nicolae_vaults_yaktaur_gun_rack,
          grunt_vaults_trifunnel, grunt_vaults_funnel,
          hangedman_vaults_stitches, hangedman_vaults_capsules,
          nicolae_vaults_c_with_doors, vaults_room_large_hall,
          ontoclasm_vaults_ring_square, vaults_room_pool, vaults_dpeg_diagonal,
          vaults_room_pool, layout_vaults_ring, serial_shops, shop,
          nicolae_trove_entry_isolated, uniq_mennas
Vaults:5: serial_shops
Crypt:1:  layout_gridlike, chequers_big_river
Crypt:2:  layout_regular_city, lemuel_statue_altar
Crypt:3:  quadcrypt_mu
Tomb:1
Tomb:2
Tomb:3:   uniq_boris
Depths:1: layout_gridlike, grunt_hell_entry_dis_mu, kiku_gazebo_pond_becter,
          rand_demon_pan_entry_1, nicolae_wooded_promenade,
          nicolae_wu_jian_wuxing_cycle, infiniplex_staircase_pool_lava
Depths:2: cheibrodos_witchhunters_guild, layout_gridville,
          rand_demon_pan_entry_7, lemuel_round_altar, hell_entry,
          uniq_saint_roka
Depths:3: evilmike_diamond_1, layout_cross, lightli_too_deep, abyss_entry,
          minmay_staircase_windowed_large, grunt_megastairs_5, minmay_shoptagon
Depths:4: grunt_zot_entry_funnels, layout_cave_pools, enter_ziggurat_a,
          hangedman_geh_valley
Hell
Geh:1:    layout_gehenna_pools_basic
Geh:2:    layout_gehenna_lava_caves
Geh:3:    layout_gehenna_pools_box
Geh:4:    layout_gehenna_lava_caves
Geh:5:    layout_gehenna_pools_basic
Geh:6:    layout_gehenna_pools_box
Geh:7:    evilmike_geh
Coc:1:    layout_cocytus_delve
Coc:2:    layout_ice_bergs
Coc:3:    nicolae_coc_city_of_iceburg
Coc:4:    layout_cocytus_water_paths
Coc:5:    nicolae_coc_naught_crossing, layout_cocytus_delve,
          nicolae_coc_kraken_the_ice
Coc:6:    layout_ice_bergs

Skill      XL: |  1  2  3  4  5  6  7  8  9 10 11 12 13 14 15 16 17 18 19 20 21 22 23 24 25 26 27 |
---------------+----------------------------------------------------------------------------------+-----
Axes           | 3 4 5 6 7 9 11 13 17 20 22 23 27 | 27.0
Fighting       | 4 5 8 10 14 19 20 21 25 27 | 27.0
Throwing       | 1 2 3 4 |  4.0
Armour         | 6 10 15 17 20 23 27 | 27.0
Dodging        | 6 10 14 | 14.6
Evocations     | 5 8 15 | 15.0
Invocations    | 12 15 19 24 27 | 27.0
Shields        | 10 16 17 19 20 27 | 27.0
Translocations | 12 | 12.0
Spellcasting   | |  0.4

Action                   |  1- 3 |  4- 6 |  7- 9 | 10-12 | 13-15 | 16-18 | 19-21 | 22-24 | 25-27 || total
-------------------------+-------+-------+-------+-------+-------+-------+-------+-------+-------++-------
Melee: War axe           |    93 |   173 |   198 |       |       |       |       |       |       ||   464
       Battleaxe         |       |       |   112 |   341 |   915 |   901 |       |       |       ||  2269
       Halberd           |       |       |       |    11 |    42 |    18 |       |       |       ||    71
       Broad axe         |       |       |       |       |       |   230 |  1156 |  1021 |  3186 ||  5593
Throw: Dart              |       |       |    20 |     5 |       |       |       |       |       ||    25
       Throwing net      |       |       |       |       |       |       |       |     4 |       ||     4
Invok: Cleansing Flame   |       |       |       |       |       |     4 |     4 |     6 |   145 ||   159
       Brand Weapon With |       |       |       |       |       |       |     1 |       |       ||     1
       Summon Divine War |       |       |       |       |       |       |       |       |     8 ||     8
Evoke: Wand              |       |       |       |     3 |     4 |     3 |       |     2 |     5 ||    17
       Phial of floods   |       |       |       |       |     3 |     2 |       |     1 |       ||     6
       Tin of tremorston |       |       |       |       |       |       |       |     2 |     2 ||     4
  Use: Scroll            |       |       |       |       |       |    27 |     6 |    15 |    20 ||    68
       Potion            |       |       |       |       |       |     4 |       |     6 |    23 ||    33
Armor: Chain mail        |    55 |   120 |   103 |   134 |   142 |    12 |   339 |   241 |       ||  1146
       Plate armour      |       |       |    64 |     9 |   159 |   525 |       |       |       ||   757
       Gold dragon scale |       |       |       |       |       |       |       |   138 |  1076 ||  1214
Dodge: Dodged            |    28 |    56 |    86 |   156 |   615 |   960 |   455 |   372 |  1097 ||  3825
Block: Buckler           |    28 |    42 |    27 |       |       |       |       |       |       ||    97
       Other             |       |       |       |    26 |    92 |       |       |       |       ||   118
       Tower shield      |       |       |       |       |       |   211 |  1097 |  1105 |  3767 ||  6180
